 Dungeon Crawl Stone Soup version 0.22-a0-580-gd5db89c (webtiles) character file.

2 Amnesiac the Sneak (level 1, 0/10 HPs)
             Began as a Spriggan Wanderer on July 3, 2018.
             Slain by a hobgoblin (1 damage)
             ... on level 1 of the Dungeon.
             The game lasted 00:00:39 (68 turns).

Amnesiac the Sneak (Spriggan Wanderer)                Turns: 68, Time: 00:00:40

Health: 0/10       AC:  2    Str:  7    XL:     1   Next: 25%
Magic:  3/3        EV: 15    Int: 14    God:
Gold:   8          SH:  0    Dex: 15    Spells: 2/2 levels left

rFire    . . .     SeeInvis +   a - +0 dagger
rCold    . . .     Gourm    .   (shield restricted)
rNeg     . . .     Faith    .   e - +0 robe
rPois    .         Spirit   .   (helmet restricted)
rElec    .         Reflect  .   (no cloak)
rCorr    .         Harm     .   (gloves unavailable)
MR       .....                  (boots unavailable)
Stlth    +++.......             (no amulet)
HPRegen  0.03/turn              (no ring)
MPRegen  0.08/turn              (no ring)

@: very quick
A: very small, unfitting armour, see invisible, herbivore, speed 3, slow
metabolism 2
a: no special abilities


You were on level 1 of the Dungeon.
You were not hungry.

You visited 1 branch of the dungeon, and saw 1 of its levels.

You collected 8 gold pieces.

Inventory:

Hand Weapons
 a - a +0 dagger (weapon)
 b - a +2 blowgun
Missiles
 f - a curare-tipped needle
Armour
 e - a +0 robe (worn)
Scrolls
 d - a scroll of teleportation {!r}
Comestibles
 g - a ration


   Skills:
 - Level 1.5 Fighting
   Level 1.0 Polearms
 + Level 1.3 Throwing
 - Level 4.4 Stealth
 - Level 1.3 Spellcasting
   Level 2.4 Hexes


You had 2 spell levels left.
You didn't know any spells.
Your spell library contained the following spells:

 Spells                   Type           Power        Failure   Level  Hunger
 Animate Skeleton         Necr           N/A          26%         1    ##.....
 Regeneration             Chrm/Necr      #.........   58%         3    ####...


Dungeon Overview and Level Annotations

Branches:
Dungeon (1/15)

Altars:


Innate Abilities, Weirdness & Mutations

You are very small and have problems with some larger weapons.
You are too small for most types of armour.
You have supernaturally acute eyesight. (SInv)
You are a herbivore.
You cover ground extremely quickly.
You need to consume almost no food.


Message History

Okay, then.
a - a +0 dagger (weapon)
The hobgoblin shouts!
A leopard gecko comes into view.
The hobgoblin hits you but does no damage.
You completely miss the hobgoblin. The hobgoblin barely misses you.
You closely miss the hobgoblin. The hobgoblin hits you.
You barely miss the hobgoblin. The hobgoblin closely misses you.
You hit the hobgoblin.
The hobgoblin is heavily wounded.
The hobgoblin misses you.
You closely miss the hobgoblin.
The hobgoblin is heavily wounded.
The hobgoblin barely misses you.
You barely miss the hobgoblin.
The hobgoblin is heavily wounded.
The leopard gecko hisses angrily.
The hobgoblin hits you.
Ouch! That really hurt!
* * * LOW HITPOINT WARNING * * *
b - a +2 blowgun (weapon)
Firing (i - inventory)
f - 3 curare-tipped needles (quivered)
Press: ? - help, Shift-Dir - straight line, f - leopard gecko
Aim: a leopard gecko (clinging)
You shoot a curare-tipped needle.
The curare-tipped needle barely misses the leopard gecko.
Firing (i - inventory)
f - 2 curare-tipped needles (quivered)
Press: ? - help, Shift-Dir - straight line, f - hobgoblin, p - leopard gecko
Aim: a hobgoblin (heavily wounded)
You shoot a curare-tipped needle.
The curare-tipped needle hits the leopard gecko.
The leopard gecko is poisoned.
The leopard gecko convulses.
You kill the leopard gecko!
a - a +0 dagger (weapon)
You see here a curare-tipped needle.
You swing at nothing.
You swing at nothing.
You closely miss the hobgoblin.
The hobgoblin is heavily wounded.
The hobgoblin misses you.
You hit the hobgoblin.
The hobgoblin is almost dead.
The hobgoblin misses you.
You hit the hobgoblin but do no damage.
The hobgoblin is almost dead.
The hobgoblin hits you.
* * * LOW HITPOINT WARNING * * *
You barely miss the hobgoblin.
The hobgoblin is almost dead.
The hobgoblin hits you.
* * * LOW HITPOINT WARNING * * *
You hit the hobgoblin but do no damage.
The hobgoblin is almost dead.
The hobgoblin barely misses you.
You hit the hobgoblin but do no damage.
The hobgoblin is almost dead.
The hobgoblin misses you.
You barely miss the hobgoblin.
The hobgoblin is almost dead.
The hobgoblin closely misses you.
You barely miss the hobgoblin.
The hobgoblin is severely wounded.
The hobgoblin hits you.
You die...

###'### #..#
##.## #..#
##.## #..#
#.## #####.#
#....@######
#.###g.>...#
###.(###.# #
#....# .#
###.#.#..###.#
......#......#
#.....##g###
########.####
##.......#


You could see a hobgoblin.

Vanquished Creatures
  A leopard gecko (D:1)
1 creature vanquished.

Notes
Turn   | Place    | Note
-------+----------+-------------------------------------------
     0 | D:1      | Amnesiac the Spriggan Wanderer began the quest for the Orb.
     0 | D:1      | Amnesiac set off with: 3 curare-tipped needles, a +2 blowgun, a scroll of teleportation {!r}, a +0 robe, a +0 dagger, a ration
     0 | D:1      | Reached XP level 1. HP: 10/10 MP: 3/3
    68 | D:1      | Slain by a hobgoblin

Vault maps used:
D:1:      saegor_arrival_simple_d

Action                   || total
-------------------------++-------
Melee: Dagger            ||    14
 Fire: Blowgun           ||     2
Armor: Robe              ||     1
Dodge: Dodged            ||     9

Table legend:
 A = Spawn XP
 B = Non-spawn XP
 C = Spawn XP percentage of total XP
 D = Spawn monster count
 E = Non-spawn monster count
 F = Spawn count percentage of total count
 G = Total turns spent on level
                    A         B        C        D         E        F      G
               +---------+---------+-------+---------+---------+-------+---------
         Total |       0 |       3 |   0.0 |       0 |       1 |   0.0 |    68
               +---------+---------+-------+---------+---------+-------+---------
           D:1 |       0 |       3 |   0.0 |       0 |       1 |   0.0 |    68
               +---------+---------+-------+---------+---------+-------+---------
